 Dungeon Crawl Stone Soup version 0.28.0-53-g5a82cb258f (webtiles) character file.

Game seed: 197990975338075266

0 mcbry74 the Vexing (level 1, -1/17 HPs)
             Began as a Gnoll Arcane Marksman on June 24, 2022.
             Slain by a quokka (3 damage)
             ... on level 1 of the Dungeon.
             The game lasted 00:01:44 (135 turns).

mcbry74 the Vexing (Gnoll Arcane Marksman)           Turns: 135, Time: 00:01:44

Health: -1/17      AC:  2    Str:  9    XL:     1   Next: 10%
Magic:  4/4        EV: 13    Int: 12    God:
Gold:   0          SH:  0    Dex: 12    Spells: 4/5 levels left

rFire   . . .      SeeInvis .   b - +0 spear
rCold   . . .      Faith    .   (no shield)
rNeg    . . .      Spirit   .   d - +0 robe
rPois   .          Reflect  .   (no helmet)
rElec   .          Harm     .   (no cloak)
rCorr   .          Rampage  .   (no gloves)
Will    .....                   (no boots)
Stlth   +.........              (no amulet)
HPRegen 0.05/turn               (no ring)
MPRegen 0.09/turn               (no ring)

@: no status effects
A: fangs 1, strong nose, distributed training
a: no special abilities


You were on level 1 of the Dungeon.
You visited 1 branch of the dungeon, and saw 1 of its levels.

Inventory:

Hand Weapons
 a - a +0 shortbow
 b - a +0 spear (weapon)
Missiles
 c - 20 arrows
 e - 20 bolts
Armour
 d - a +0 robe (worn)


   Skills:
 + Level 2.3 Fighting
 + Level 0.0 Short Blades
 + Level 0.0 Long Blades
 + Level 0.0 Axes
 + Level 0.0 Maces & Flails
 + Level 0.0 Polearms
 + Level 0.0 Staves
 + Level 0.0 Slings
 + Level 4.4 Bows
 + Level 0.0 Crossbows
 + Level 0.0 Throwing
 + Level 0.0 Armour
 + Level 4.4 Dodging
 + Level 0.0 Stealth
 + Level 0.0 Shields
 + Level 0.0 Unarmed Combat
 + Level 2.6 Spellcasting
 + Level 0.0 Conjurations
 + Level 5.3 Hexes
 + Level 0.0 Summonings
 + Level 0.0 Necromancy
 + Level 0.0 Translocations
 + Level 0.0 Transmutations
 + Level 0.0 Fire Magic
 + Level 0.0 Ice Magic
 + Level 0.0 Air Magic
 + Level 0.0 Earth Magic
 + Level 0.0 Poison Magic
 + Level 0.0 Invocations
 + Level 0.0 Evocations


You had 4 spell levels left.
You knew the following spells:

 Your Spells              Type           Power      Damage    Failure   Level
a - Slow                  Hex            56%        N/A       3%          1

Your spell library contained the following spells:

 Spells                   Type           Power      Damage    Failure   Level
 Inner Flame              Hex/Fire       7%         N/A       26%         3
 Portal Projectile        Hex/Tloc       14%        N/A       26%         3
 Cause Fear               Hex            7%         N/A       28%         4


Dungeon Overview and Level Annotations

Branches:
Dungeon (1/15)

Altars:


Innate Abilities, Weirdness & Mutations

You have very sharp teeth.
Your uncanny sense of smell can sniff out nearby items.
Your experience applies equally to all skills.


Message History

Found 10 sling bullets.
A quokka and a hobgoblin come into view.
The hobgoblin shouts!
You hear an angry hiss.
You reach to attack!
You hit the quokka but do no damage. The quokka barely misses you.
You barely miss the quokka. Your bite misses the quokka. The quokka misses you.
You closely miss the quokka. The quokka bites you.
You hit the quokka but do no damage.
A ball python comes into view.
The quokka completely misses you. The quokka closely misses you.
The ball python hisses angrily.
You hit the quokka but do no damage. You bite the quokka, but do no damage.
The quokka closely misses you.
You barely miss the quokka. The quokka bites you.
You hit the quokka.
The quokka is moderately wounded.
The quokka bites you. x2
* * * LOW HITPOINT WARNING * * *
You are too injured to fight recklessly!
You are too injured to fight recklessly!
You are too injured to fight recklessly!
The quokka bites you.
* * * LOW HITPOINT WARNING * * *
You hit the quokka but do no damage.
The quokka bites you but does no damage.
The quokka closely misses you. The quokka misses you.
You see here a +0 ring mail.
The quokka closely misses you. The quokka bites you.
* * * LOW HITPOINT WARNING * * *
There is a fountain of clear blue water here.
The quokka barely misses you. The quokka completely misses you.
You miss the quokka. The quokka barely misses you.
The quokka barely misses you.
You aren't carrying any potions.
You see here a +0 ring mail.
The quokka bites you.
You die...

#################### ##........
..................S#####.........
################.................
#S#######......... #.#
#..⌠....... #g# ##.g........ #[#
##..⌠.⌠...... #r# ##.S..........
#@###...⌠.⌠.⌠.....
#.##..............
#..##..#######... #......# .#.
#.###### . #.# #.# #.# #.#


You could see a quokka, a hobgoblin and a ball python.

Vanquished Creatures
  A bat (D:1)
1 creature vanquished.

Notes
Turn   | Place    | Note
-------+----------+-------------------------------------------
     0 | D:1      | mcbry74 the Gnoll Arcane Marksman began the quest for the
                  | Orb.
     0 | D:1      | Reached XP level 1. HP: 17/17 MP: 4/4
   135 | D:1      | Slain by a quokka

Illustrated notes

Levels and vault maps discovered:
D:1:      eino_arrival_cavern_a, layout_basic, minmay_door_square

Action                   || total
-------------------------++-------
Melee: Spear             ||    14
       Bite              ||     1
 Stab: Sleeping          ||     1
Armor: Robe              ||     1
Dodge: Dodged            ||    16
